 Dungeon Crawl Stone Soup version 0.26-a0-651-gb41185065b (webtiles) character file.

Game seed: 9439511016258976165

84 Irenicus the Digger (level 4, -2/36 HPs)
             Began as a Deep Dwarf Earth Elementalist on Oct 27, 2020.
             Killed by nerve-wracking pain
             ... invoked by Jessica
              (6 damage)
             ... on level 3 of the Dungeon.
             The game lasted 00:06:02 (1156 turns).

Irenicus the Digger (Deep Dwarf Earth Elementalist) Turns: 1156, Time: 00:06:03

Health: -2/36      AC:  6    Str: 12    XL:     4   Next: 23%
Magic:  3/6        EV: 11    Int: 16    God:
Gold:   106        SH:  0    Dex: 13    Spells: 3/6 levels left

rFire    . . .     SeeInvis .   h - +0 club
rCold    . . .     Faith    .   (no shield)
rNeg     . . .     Spirit   .   b - +0 ring mail
rPois    +         Reflect  .   (no helmet)
rElec    .         Harm     .   (no cloak)
rCorr    .         Rampage  .   (no gloves)
MR       .....                  g - +0 pair of boots
Stlth    +.........             (no amulet)
HPRegen  0.00/turn              d - ring of poison resistance {rPois, !d}
MPRegen  0.10/turn              (no ring)

@: non-regenerating
A: damage resistance, heal wounds, sense surroundings 1, no regeneration
a: Heal Wounds


You were on level 3 of the Dungeon.
You visited 1 branch of the dungeon, and saw 4 of its levels.

You collected 106 gold pieces.

Inventory:

Hand Weapons
 h - a +0 club (weapon)
   (You took it off a goblin on level 2 of the Dungeon)
Armour
 b - a +0 ring mail (worn)
   (You found it on level 2 of the Dungeon)
 g - a +0 pair of boots (worn)
   (You found it on level 1 of the Dungeon)
Jewellery
 d - a ring of poison resistance (left hand) {rPois, !d}
   (You found it on level 4 of the Dungeon)
Scrolls
 a - a scroll of identify {unknown}
 j - a scroll of magic mapping {unknown}
Potions
 c - a potion of cancellation {unknown}
 e - a potion of curing
 f - a potion of stabbing {unknown}
 i - a potion of flight {unknown}
 k - a potion of heal wounds {unknown}
 l - a potion of ambrosia {unknown}
 m - a potion of invisibility {unknown}


   Skills:
 - Level 2.1 Dodging
 - Level 2.4 Stealth
 - Level 1.7 Spellcasting
 - Level 0.8 Transmutations
 + Level 6.8 Earth Magic


You had 3 spell levels left.
You knew the following spells:

 Your Spells              Type           Power        Failure   Level
a - Sandblast             Erth           ###...       3%          1
w - Passwall              Tmut/Erth      ##......     16%         2

Your spell library contained the following spells:

 Spells                   Type           Power        Failure   Level
 Stone Arrow              Conj/Erth      ##....       34%         3
 Lee's Rapid Deconstruct  Erth           ###.......   63%         5
 Petrify                  Tmut/Erth      ##......     69%         4


Dungeon Overview and Level Annotations

Branches:
Dungeon (4/15)
 Temple: D:4-7

Altars:
Cheibriados
Hepliaklqana
Kikubaaqudgha
Nemelex Xobeh
Qazlal
Sif Muna

Annotations:
D:3 Jessica, Terence


Innate Abilities, Weirdness & Mutations

You are resistant to damage.
You can heal yourself by infusing magical energy.
You passively map a small area around you.
You do not regenerate.


Message History

You hit the adder.
You kill the adder!
You now have 77 gold pieces (gained 13).
Found a stone staircase leading down.
Found a stone staircase leading up.
There is a stone staircase leading down here.
A frilled lizard comes into view.
The frilled lizard hisses angrily.
There is a stone staircase leading up here.
You climb upwards.
The frilled lizard hisses angrily.
A rat and a hobgoblin come into view.
There is a stone staircase leading down here.
The rat bites you.
The hobgoblin shouts!
You hit the rat but do no damage. The rat completely misses you.
You hit the rat.
You kill the rat!
You hit the frilled lizard but do no damage.
The frilled lizard bites you but does no damage.
You hit the frilled lizard.
You kill the frilled lizard!
The hobgoblin hits you but does no damage.
You barely miss the hobgoblin.
The hobgoblin hits you but does no damage.
You hit the hobgoblin but do no damage. The hobgoblin barely misses you.
You barely miss the hobgoblin. The hobgoblin hits you with a +0 club.
You hit the hobgoblin.
The hobgoblin is heavily wounded.
The hobgoblin hits you but does no damage.
You hit the hobgoblin but do no damage.
The hobgoblin is heavily wounded.
The hobgoblin closely misses you. The hobgoblin barely misses you.
You hit the hobgoblin.
You kill the hobgoblin!
Things that are here:
a +0 club; a hobgoblin corpse; a frilled lizard corpse You now have 89 gold pieces (gained 12).
Things that are here:
a +0 club; a hobgoblin corpse; a frilled lizard corpse
j - a scroll labeled SESTRIF QUUS You now have 106 gold pieces (gained 17).
k - a viscous red potion Terence the Incautious comes into view.
He is wielding a +0 mace.
Marking area around Terence as unsafe for travelling.
Memorise Passwall, consuming 2 spell levels and leaving 3?
You start memorising the spell.
You continue memorising. x2
You finish memorising.
Spell assigned to 'w'.
Casting: Sandblast (safe; 3% risk of failure)
Confirm with . or Enter, or press ? or * to list all spells.
Press: ? - help, Dir - move target cursor A rock wall.
You miscast Passwall.
You are very lightly contaminated with residual magic.
Nothing appears to happen.
You now have 4/6 mp.
Unknown command.
Casting: Passwall (safe; 16% risk of failure)
Confirm with . or Enter, or press ? or * to list all spells.
Press: ? - help, Dir - move target cursor A rock wall.
You begin to meditate on the wall.
You continue meditating on the rock. x2
You finish merging with the rock.
Found a shimmering blue altar of Sif Muna.
Found an escape hatch in the floor.
Jessica the Apprentice Sorceress comes into view.
She is wielding a +0 dagger.
You now have 2/6 mp.
Marking area around Jessica as unsafe for travelling.
Jessica casts a spell.
Jessica blinks!
Your magical contamination has completely faded away.
You hit Jessica.
Jessica is heavily wounded.
Jessica barely misses you.
You hit Jessica.
Jessica is heavily wounded.
Jessica hits you but does no damage.
You hit Jessica but do no damage.
Jessica is heavily wounded.
Jessica hits you but does no damage.
Jessica gestures wildly while chanting.
Jessica seems to speed up.
You hit Jessica.
Jessica is severely wounded.
Jessica drinks a potion.
Jessica is healed!
Jessica hits you with a +0 dagger.
* * * LOW HITPOINT WARNING * * *
You take 1 damage, and have 7/36 hp.
You hit Jessica.
Jessica is severely wounded.
Jessica hits you but does no damage.
You barely miss Jessica.
Jessica is severely wounded.
Jessica hits you with a +0 dagger.
* * * LOW HITPOINT WARNING * * *
Jessica casts a spell.
Jessica blinks!
You take 3 damage, and have 4/36 hp.
Jessica gestures at you while chanting. Pain shoots through your body!
You die...

........## *
#....≈≈≈....# * *
##...≈≈≈≈≈...####
....≈≈...≈≈.....#
#.
....≈≈.>.≈≈..._.#
#.#
....≈≈...≈≈@....#
#.#
#...≈≈≈≈≈...####
#.#
#....≈≈≈....#..#
#.#
#.....@...###.##
#.# ##.......##
#..# #.###
###...### ##.##
#.... ##### #..#
#..## ##.###..##
#..##..#.
##.##..#.
#......#@
#.#.#.##.


You could see Jessica (fast).

Vanquished Creatures
  3 adders
  A white imp (D:2)
  An adder skeleton (D:4)
  A worm (D:2)
  A dart slug (D:1)
  A giant cockroach (D:2)
  5 goblins
  9 hobgoblins
  4 jackals (D:2)
  A quokka (D:2)
  3 bats
  2 frilled lizards
  3 kobolds (D:1)
  6 rats
41 creatures vanquished.

Notes
Turn   | Place    | Note
-------+----------+-------------------------------------------
     0 | D:1      | Irenicus the Deep Dwarf Earth Elementalist began the quest
                  | for the Orb.
     0 | D:1      | Reached XP level 1. HP: 15/15 MP: 3/3
   250 | D:1      | Reached XP level 2. HP: 19/22 MP: 2/4
   336 | D:1      | Reached skill level 5 in Earth Magic
   418 | D:2      | Reached XP level 3. HP: 24/28 MP: 1/5
   554 | D:2      | Reached skill level 6 in Earth Magic
   775 | D:2      | HP: 7/28 [goblin/+0 club (3)]
   792 | D:2      | HP: 7/28 [hobgoblin/+0 club (1)]
   900 | D:2      | Found a snail-covered altar of Cheibriados.
   900 | D:2      | Found a sparkling altar of Nemelex Xobeh.
   905 | D:2      | Found a hazy altar of Hepliaklqana.
   907 | D:2      | Found a stormy altar of Qazlal.
   908 | D:2      | Found an ancient bone altar of Kikubaaqudgha.
   948 | D:2      | HP: 6/28 [frilled lizard (1)]
   949 | D:2      | Reached XP level 4. HP: 8/36 MP: 6/6
  1016 | D:2      | You fall into a shaft and drop 2 floors!
  1121 | D:3      | Noticed Terence
  1139 | D:3      | Learned a level 2 spell: Passwall
  1143 | D:3      | Found a shimmering blue altar of Sif Muna.
  1143 | D:3      | Noticed Jessica
  1152 | D:3      | HP: 7/36 [Jessica/+0 dagger (1)]
  1156 | D:3      | Killed from afar by Jessica

Illustrated notes

Levels and vault maps discovered:
D:1:      nicolae_arrival_washed_ashore, layout_loops_ring
D:2:      wander_river, layout_loops_corners,
          chequers_temple_overflow_minitemple, minmay_stone_trees_small
D:3:      layout_basic, tgw_sif, uniq_terence, uniq_ijyb, uniq_robin
D:4:      minmay_goblin_kobold_castle, layout_cave_pods,
          grunt_temple_overflow_order_and_chaos_1, gammafunk_ghost_cemetery,
          chequers_jeans

Skill      XL: |  1  2  3 |
---------------+----------+-----
Earth Magic    | 5 6 |  6.8
Dodging        | |  2.1
Stealth        | |  2.4
Spellcasting   | |  1.7
Transmutations | |  0.8

Action                   |  1- 3 |  4- 6 || total
-------------------------+-------+-------++-------
Melee: Club              |    65 |    35 ||   100
       Unarmed           |     9 |       ||     9
 Cast: Sandblast         |    35 |       ||    35
       Passwall          |       |     1 ||     1
 Abil: Heal Wounds       |     1 |       ||     1
  Use: Scroll            |     5 |       ||     5
       Potion            |     2 |       ||     2
 Stab: Sleeping          |     2 |       ||     2
Armor: Robe              |    21 |       ||    21
       Ring mail         |     9 |    12 ||    21
       Skin              |     7 |       ||     7
Dodge: Dodged            |    71 |    22 ||    93

Table legend: (Time is in decaauts)
 A = Elapsed time spent in this place.
 B = Non-inter-level travel time spent in this place.
 C = Inter-level travel time spent in this place.
 D = Time resting spent in this place.
 E = Time spent auto-exploring this place.
 F = Levels seen in this place.
 G = Mean time per level.
                   A        B        C        D        E       F      G
               +--------+--------+--------+--------+--------+-----+--------+
         Total |   1192 |   1192 |      0 |     18 |     66 |   4 |  298.0 |
       Dungeon |   1192 |   1192 |      0 |     18 |     66 |   4 |  298.0 |
               +--------+--------+--------+--------+--------+-----+--------+

Top non-repeatable levels by time:
     D:2: 632 daAuts
     D:1: 410 daAuts
     D:3: 81 daAuts
     D:4: 68 daAuts

Table legend:
 A = Kills in this place as a percentage of kills in entire the game.
 B = Kills by you in this place as a percentage of kills by you in the entire game.
 C = Kills by friends in this place as a percentage of kills by friends in the entire game.
 D = Other kills in this place as a percentage of other kills in the entire game.
 E = Experience gained in this place as a percentage of experience gained in the entire game.
 F = Experience gained in this place divided by the number of levels of this place that you have seen.
                   A       B       C       D       E      F
               +-------+-------+-------+-------+-------+----------------------
         Total | 100.0 | 100.0 |   N/A |   N/A | 100.0 |  30.0
       Dungeon | 100.0 | 100.0 |   N/A |   N/A | 100.0 |  30.0
               +-------+-------+-------+-------+-------+----------------------
